 Seeded DCSS version 0.28.0 (webtiles) character file.

Game seed: 1074141966123831600 (custom seed)

219 Buxparty the Skirmisher (level 5, -5/34 HPs)
             Began as a Gargoyle Fighter on Feb 12, 2022.
             Slain by an ogre (17 damage)
             ... on level 4 of the Dungeon.
             The game lasted 00:04:52 (3438 turns).

Buxparty the Skirmisher (Gargoyle Fighter)          Turns: 3438, Time: 00:04:53

Health: -5/34      AC: 11    Str: 22    XL:     5   Next: 96%
Magic:  5/5        EV:  9    Int:  8    God:
Gold:   113        SH:  5    Dex: 13    Spells: 4/4 levels left

rFire   + . .      SeeInvis .   o - +3 hand axe of Uskayaw's Supremacy {vorpal, rF+ rC++ Dex+4}
rCold   + + .      Faith    .   c - +0 buckler
rNeg    + . .      Spirit   .   b - +0 scale mail
rPois   ∞          Reflect  .   (no helmet)
rElec   +          Harm     .   (no cloak)
rCorr   .          Rampage  .   (no gloves)
Will    .....                   (no boots)
Stlth   ..........              (no amulet)
HPRegen 0.11/turn               (no ring)
MPRegen 0.09/turn               (no ring)

@: no status effects
A: sickness immunity, AC +4, negative energy resistance 1, electricity
resistance, torment resistance 1, petrification resistance
a: no special abilities


You were on level 4 of the Dungeon.
You visited 1 branch of the dungeon, and saw 4 of its levels.

You collected 113 gold pieces.

Inventory:

Hand Weapons
 a - a +0 war axe
 o - the +3 hand axe of Uskayaw's Supremacy (weapon) {vorpal, rF+ rC++ Dex+4}
   (You found it on level 4 of the Dungeon)

   It inflicts extra damage upon your enemies.
   Dex:       It affects your dexterity (+4).
   rF:        It protects you from fire.
   rC:        It greatly protects you from cold.
Armour
 b - a +0 scale mail (worn)
 c - a +0 buckler (worn)
Jewellery
 e - a ring of resist corrosion
Wands
 m - a wand of paralysis (13)
Scrolls
 f - 2 scrolls of summoning {unknown}
 h - 3 scrolls of identify {unknown}
 i - 2 scrolls of blinking {unknown}
 j - 2 scrolls of vulnerability {unknown}
 k - 3 scrolls of enchant weapon {unknown}
 n - a scroll of teleportation {unknown}
 q - a scroll of acquirement {unknown}
Potions
 d - a potion of might
 g - a potion of heal wounds {unknown}
 l - 2 potions of curing {unknown}
 p - a potion of attraction {unknown}


   Skills:
 + Level 4.5 Fighting
 + Level 3.1 Axes
 + Level 4.5 Armour
 + Level 4.4 Shields


You had 4 spell levels left.
You didn't know any spells.
Your spell library contained the following spells:

 Spells                   Type           Power      Damage    Failure   Level
 Foxfire                  Conj/Fire      0%         2x1d4     82%         1
 Conjure Flame            Conj/Fire      0%         6-21      99%         3
 Inner Flame              Hex/Fire       0%         N/A       99%         3
 Flame Wave               Conj/Fire      0%         2d4       100%        4


Dungeon Overview and Level Annotations

Branches:
Dungeon (4/15)
 Temple: D:4-7

Altars:
Makhleb
Qazlal


Innate Abilities, Weirdness & Mutations

You are immune to sickness and miasma.
Your stone body is resilient. (AC +4)
You are immune to poison.
You resist negative energy. (rN+)
You are resistant to electric shocks. (rElec)
You are resistant to unholy torment.
You are immune to petrification.


Message History

Okay, then.
p - a sapphire potion
q - a scroll labelled KIAMYNI BIARCH
Found a dagger.
There is a stone staircase leading down here.
Found a stone staircase leading down.
A kobold comes into view. It is wielding a +0 short sword.
The kobold shouts!
A hobgoblin comes into view.
Found a leather armour.
The kobold barely misses you.
You barely miss the kobold. The kobold barely misses you.
The kobold closely misses you.
You slash the kobold!
You kill the kobold!
You hit the hobgoblin. The hobgoblin misses you.
You slash the hobgoblin!
You kill the hobgoblin!
You see here a +0 short sword.
You see here a +0 dagger.
Found 9 arrows.
You see here 9 arrows.
You see here a +0 ring mail.
You see here a +0 scale mail.
h - 3 scrolls labelled ADIKLI HUO (gained 1)
An ogre comes into view. It is wielding a +0 giant club.
The ogre shouts!
There is a stone staircase leading up here.
You slash the ogre!
The ogre is moderately wounded.
The ogre hits you with a +0 giant club.
You barely miss the ogre.
The ogre is moderately wounded.
The ogre hits you with a +0 giant club!
Ouch! That really hurt!
You hit the ogre.
The ogre is heavily wounded.
The ogre hits you with a +0 giant club!
Ouch! That really hurt!
You die...

#.#####.### #[# #.# ## #.#
#...## #.# ##O# .# #.# ###..#
#.# #..# .# #.#
#####.###.###.####### .###.##
#....................
..##.<#...####....##..#######
......#. ##..#.†.## ._.≈.>..#
#.O..### ......### ##@...#
..##..# #.##.# .####.# ### ##
.# .# .# .# .. .#


You could see an ogre.

Vanquished Creatures
  An orc priest (D:3)
  Jessica (D:2)
  Natasha (D:2)
  A hound skeleton (D:2)
  7 adders
  2 worms
  A dart slug (D:2)
  4 orcs (D:3)
  A ball python (D:3)
  7 bats
  3 endoplasms
  5 goblins
  6 hobgoblins
  4 jackals (D:1)
  2 quokkas
  4 frilled lizards
  5 kobolds
  2 rats
57 creatures vanquished.

Notes
Turn   | Place    | Note
-------+----------+-------------------------------------------
     0 | D:1      | Buxparty the Gargoyle Fighter began the quest for the Orb.
     0 | D:1      | Reached XP level 1. HP: 14/14 MP: 1/1
   129 | D:1      | Reached XP level 2. HP: 6/19 MP: 2/2
   467 | D:1      | Found a faded altar of an unknown god.
  1148 | D:1      | You fall into a shaft and drop 1 floor!
  1181 | D:2      | Reached XP level 3. HP: 21/23 MP: 3/3
  1589 | D:2      | Noticed Natasha
  1593 | D:2      | Reached XP level 4. HP: 26/29 MP: 4/4
  1597 | D:2      | Killed Natasha
  1908 | D:2      | Noticed Jessica
  1923 | D:2      | Killed Jessica
  1924 | D:2      | Reached XP level 5. HP: 25/33 MP: 5/5
  2542 | D:3      | HP: 1/33 [orc priest (3)]
  2988 | D:3      | Found a burning altar of Makhleb.
  3321 | D:4      | Found a stormy altar of Qazlal.
  3326 | D:4      | Identified the +3 hand axe of Uskayaw's Supremacy {vorpal,
                  | rF+ rC++ Dex+4}
  3416 | D:4      | Noticed an ogre
  3438 | D:4      | Slain by an ogre

Illustrated notes

Levels and vault maps discovered:
D:1:      matt_arrival_los_fun, layout_loops_corners,
          shapermc_ecumenical_altar_venn
D:2:      layout_loops_cross, uniq_natasha, uniq_jessica
D:3:      layout_loops_ring, mainiacjoe_overflow_six_doors_small,
          roderic_roman_lattice
D:4:      wander_river, layout_rooms, mainiacjoe_overflow_tiny_flanked,
          lemuel_blue_sif_altar, minmay_temple_entry_statues,
          grunt_ministairs_9, uniq_ijyb

Skill      XL: |  1  2  3  4  5 |
---------------+----------------+-----
Axes           | 2 3 |  3.1
Fighting       | 4 |  4.5
Armour         | 4 |  4.5
Shields        | 4 |  4.4

Action                   |  1- 3 |  4- 6 || total
-------------------------+-------+-------++-------
Melee: War axe           |   127 |   121 ||   248
       Hand axe          |       |     6 ||     6
Armor: Scale mail        |    82 |    62 ||   144
Dodge: Dodged            |    65 |    65 ||   130
Block: Buckler           |    20 |    23 ||    43
